 Dungeon Crawl Stone Soup version 0.23.2-40-g277498a001 (webtiles) character file.

Game seed: 1537712168016856117

1505 MrTry the Cleaver (level 8, -43/69 HPs)
             Began as a Minotaur Fighter on Aug 15, 2019.
             Was a Believer of Qazlal.
             Killed from afar by an orc (44 damage)
             ... with an exploding inner flame
             ... hexed by the player character
             ... on level 7 of the Dungeon.
             The game lasted 00:31:47 (4715 turns).

MrTry the Cleaver (Minotaur Fighter)                Turns: 4715, Time: 00:31:51

Health: -43/69     AC: 19    Str: 24    XL:     8   Next: 52%
Magic:  0/0        EV:  6    Int: 12    God:    Qazlal [**....]
Gold:   131        SH: 14    Dex: 13    Spells: 7/7 levels left

rFire    . . .     SeeInvis .   l - +0 broad axe of Uppuur {protect, MP-9 Str+2 Int+7 Dex+2}
rCold    . . .     Gourm    .   c - +0 shield
rNeg     . . .     Faith    .   p - +0 plate armour
rPois    .         Spirit   .   (helmet restricted)
rElec    .         Reflect  .   (no cloak)
rCorr    .         Harm     .   (no gloves)
MR       .....                  (no boots)
Stlth    ..........             (no amulet)
HPRegen  0.21/turn              (no ring)
MPRegen  0.07/turn              (no ring)

@: protection aura, starving
A: retaliatory headbutt, horns 2
a: Upheaval, Renounce Religion


You were on level 7 of the Dungeon.
You worshipped Qazlal.
Qazlal was pleased with you.
You were starving.

You visited 2 branches of the dungeon, and saw 8 of its levels.

You collected 355 gold pieces.
You spent 224 gold pieces at shops.

Inventory:

Hand Weapons
 a - a +3 war axe
 e - a +0 short sword
 l - the +0 broad axe of Uppuur (weapon) {protect, MP-9 Str+2 Int+7 Dex+2}
   (You acquired it on level 6 of the Dungeon)

   It protects the one who uses it against injury (+AC on strike).
   It affects your strength (+2).
   It affects your intelligence (+7).
   It affects your dexterity (+2).
   It affects your magic capacity (-9).
 s - a +0 giant spiked club
Missiles
 g - 37 bolts
 i - 9 poisoned needles
 o - 9 tomahawks
 w - 16 poisoned tomahawks (quivered)
Armour
 b - a +0 scale mail
 c - a +0 shield (worn)
 j - a +0 scale mail
 n - a +0 shield
 p - a +0 plate armour (worn)
Scrolls
 m - 3 scrolls of remove curse
 q - a scroll of amnesia
 y - a scroll of enchant armour {unknown}
 z - a scroll of identify
 A - a scroll of magic mapping {unknown}
Potions
 d - 3 potions of might
 h - a potion of resistance
 k - 2 potions of lignification
 r - a potion of magic
 t - a potion of flight {unknown}
 v - a potion of heal wounds {unknown}
 x - a potion of mutation
 B - a potion of curing
Comestibles
 f - 10 rations


   Skills:
 + Level 5.6 Fighting
 + Level 8.5 Axes
 + Level 6.5 Armour
 + Level 1.8 Dodging
 + Level 0.4 Stealth
 + Level 7.3 Shields


You had 7 spell levels left.
You didn't know any spells.
Your spell library contained the following spells:

 Spells                   Type           Power        Failure   Level  Hunger
 Sting                    Conj/Pois      #...         100%        1    ##.....
 Poisonous Vapours        Pois/Air       #.....       100%        2    ###....
 Mephitic Cloud           Conj/Pois/Air  #.......     100%        3    ####...
 Olgreb's Toxic Radiance  Pois           #.......     100%        4    #####..
 Venom Bolt               Conj/Pois      #.........   100%        5    ######.


Dungeon Overview and Level Annotations

Branches:
Dungeon (7/15)             Temple (1/1) D:6

Altars:
Ashenzari
Cheibriados
Dithmenos
Elyvilon
Fedhas
Gozag
Hepliaklqana
Kikubaaqudgha
Makhleb
Nemelex Xobeh
Qazlal
Ru
Sif Muna
Trog
Uskayaw
Vehumet
Wu Jian
Xom
Yredelemnul
Zin
The Shining One

Shops:
D:5 *   D:6 *


Innate Abilities, Weirdness & Mutations

You reflexively headbutt those who attack you in melee.
You have a pair of horns on your head.


Message History

Really read the scroll of immolation?
As you read the scroll of immolation, it crumbles to dust.
The creatures around you are filled with an inner flame!
You block the orc wizard's attack. The iguana bites you!
The orc is engulfed in freezing vapours.
The orc explodes!
You hear a sizzling sound!
The fiery explosion engulfs the orc!!
The orc explodes!
The fiery explosion engulfs the iguana!!
The iguana explodes!
The fiery explosion engulfs you!!
The fiery explosion engulfs the orc wizard!!
The orc wizard explodes!
The fiery explosion engulfs you!!
* * * LOW HITPOINT WARNING * * *
Qazlal accepts your kill. x3
The fiery explosion engulfs you!!!
Ouch! That really hurt!
You die...

..%....#...........
.......#...........
.....%.#...........
#......#...........
#...... ..........
#...§§§###.......
#...§§§§§....########
....§§§@§...........#
.....§§§%......####.#
....########...# #.#
... #...# #.# . #...#
#.#.#. ##### #.#.#.
#.#.#. #.#.#. #.#.#.


There were no monsters in sight!

Vanquished Creatures
  A hippogriff (D:7)
  A phantom (D:5)
  An ice beast (D:3)
  2 ogres
  A bullfrog (D:7)
  A jelly (D:5)
  2 scorpions
  A crimson imp (D:5)
  A centaur zombie (D:5)
  A quasit (D:6)
  2 hounds
  2 orc priests
  6 orc wizards
  6 iguanas
  7 adders
  A river rat (D:4)
  2 shadow imps (D:5)
  An ooze (D:6)
  An adder skeleton (D:3)
  2 worms
  A leopard gecko (D:2)
  26 orcs
  3 ball pythons
  4 bats
  11 giant cockroaches
  4 goblins
  3 hobgoblins
  6 jackals
  A quokka (D:6)
  3 frilled lizards
  A kobold (D:1)
  2 leopard gecko skeletons (D:4)
  5 rats
112 creatures vanquished.

Notes
Turn   | Place    | Note
-------+----------+-------------------------------------------
     0 | D:1      | MrTry the Minotaur Fighter began the quest for the Orb.
     0 | D:1      | Reached XP level 1. HP: 19/19 MP: 0/0
   465 | D:2      | Reached XP level 2. HP: 24/27 MP: 1/1
   886 | D:2      | Reached XP level 3. HP: 33/33 MP: 2/2
  1068 | D:3      | Reached skill level 3 in Axes
  1080 | D:3      | Found a stormy altar of Qazlal.
  1086 | D:3      | Became a worshipper of Qazlal Stormbringer
  1532 | D:3      | Reached XP level 4. HP: 40/40 MP: 3/3
  1560 | D:3      | Noticed an ice beast
  1571 | D:3      | Killed an ice beast
  1571 | D:3      | Reached skill level 4 in Axes
  1571 | D:3      | Reached skill level 5 in Shields
  1571 | D:3      | Reached XP level 5. HP: 46/46 MP: 4/4
  1592 | D:3      | Reached skill level 1 in Dodging
  1882 | D:4      | Reached * piety under Qazlal
  1882 | D:4      | Reached XP level 6. HP: 51/53 MP: 5/5
  2028 | D:4      | Reached skill level 5 in Axes
  2047 | D:4      | Reached skill level 5 in Armour
  2133 | D:4      | Found a shimmering altar of Xom.
  2535 | D:5      | Entered Level 5 of the Dungeon
  2558 | D:5      | Reached XP level 7. HP: 58/60 MP: 6/6
  2591 | D:5      | Reached ** piety under Qazlal
  2628 | D:5      | Found Setaoguet's Assorted Antiques.
  2709 | D:5      | Found an opulent altar of Gozag.
  2712 | D:5      | Found an ornate altar of the Wu Jian Council.
  2713 | D:5      | Found a hazy altar of Hepliaklqana.
  2713 | D:5      | Found a bloodstained altar of Trog.
  2808 | D:5      | Reached skill level 6 in Axes
  3582 | D:5      | Reached skill level 5 in Fighting
  3598 | D:5      | Reached skill level 7 in Axes
  3846 | D:6      | Identified a scroll of acquirement
  3850 | D:6      | Got a transparent broad axe
  3852 | D:6      | Identified the +0 broad axe of Uppuur {protect, MP-9 Str+2
                  | Int+7 Dex+2} (You acquired it on level 6 of the Dungeon)
  3873 | D:6      | Reached XP level 8. HP: 66/68 MP: 0/7
  3980 | D:6      | Found Konoll's Serpentskin Sales.
  3990 | D:6      | Bought 8 poisoned tomahawks for 112 gold pieces
  3990 | D:6      | Bought 8 poisoned tomahawks for 112 gold pieces
  4063 | D:6      | Found a staircase to the Ecumenical Temple.
  4069 | Temple   | Entered the Ecumenical Temple
  4502 | D:7      | Found a sparkling altar of Nemelex Xobeh.
  4652 | D:7      | Noticed a hippogriff
  4661 | D:7      | Killed a hippogriff
  4661 | D:7      | Reached skill level 8 in Axes
  4715 | D:7      | HP: 1/69 [orc wizard/exploding inner flame[the player
                  | character] (26)]
  4715 | D:7      | Killed from afar by an orc

Skill      XL: |  1  2  3  4  5  6  7  8 |
---------------+-------------------------+-----
Armour         | 4 5 6 |  6.5
Shields        | 4 5 6 7 |  7.3
Axes           | 3 4 5 7 8 |  8.5
Fighting       | 4 5 |  5.6
Dodging        | 1 |  1.8
Stealth        | |  0.4

Action                   |  1- 3 |  4- 6 |  7- 9 || total
-------------------------+-------+-------+-------++-------
Melee: War axe           |    96 |    96 |    58 ||   250
       Headbutt          |     9 |    18 |    26 ||    53
       Broad axe         |       |       |    50 ||    50
  Use: Scroll            |     6 |     6 |     5 ||    17
       Potion            |       |     3 |       ||     3
  Eat: Ration            |     1 |     2 |       ||     3
Armor: Scale mail        |    54 |    42 |       ||    96
       Plate armour      |       |       |    55 ||    55
Dodge: Dodged            |    36 |    30 |    21 ||    87
Block: Shield            |    54 |    61 |    75 ||   190
